 Dungeon Crawl Stone Soup version 0.29-a0-367-gc2b5878c41 (webtiles) character file.

Game seed: 11099712460489896502

184 Querens the Conjurer (level 5, -1/28 HPs)
             Began as a Deep Elf Conjurer on May 1, 2022.
             Slain by a gnoll
             ... wielding a +0 spear
              (5 damage)
             ... on level 4 of the Dungeon.
             The game lasted 00:10:33 (2295 turns).

Querens the Conjurer (Deep Elf Conjurer)            Turns: 2295, Time: 00:10:33

Health: -1/28      AC:  5    Str:  4    XL:     5   Next: 36%
Magic:  8/15       EV: 12    Int: 25    God:
Gold:   115        SH:  0    Dex: 13    Spells: 12/15 levels left

rFire   . . .      SeeInvis .   y - +3 trident
rCold   . . .      Faith    .   (no shield)
rNeg    . . .      Spirit   .   a - +0 robe
rPois   .          Reflect  .   s - +0 helmet
rElec   .          Harm     .   m - +0 cloak
rCorr   .          Rampage  .   (no gloves)
Will    .....                   g - +0 pair of boots
Stlth   ++........              (no amulet)
HPRegen 0.09/turn               (no ring)
MPRegen 0.14/turn               (no ring)

@: no status effects
A: no striking features
a: no special abilities


You were on level 4 of the Dungeon.
You visited 1 branch of the dungeon, and saw 4 of its levels.

You collected 115 gold pieces.

Inventory:

Hand Weapons
 y - a +3 trident (weapon)
Armour
 a - a +0 robe (worn)
 g - a +0 pair of boots (worn)
 m - a +0 cloak (worn)
 s - a +0 helmet (worn)
Wands
 l - a wand of flame (27)
 p - a wand of acid (4)
 u - a wand of paralysis (11)
Scrolls
 e - 2 scrolls of enchant weapon {unknown}
 i - 2 scrolls of magic mapping {unknown}
 j - a scroll of identify {unknown}
 r - a scroll of blinking {unknown}
 v - a scroll of vulnerability {unknown}
 w - a scroll of amnesia {unknown}
Potions
 b - a potion of magic
 c - a potion of might {unknown}
 d - 2 potions of lignification {unknown}
 f - 3 potions of heal wounds {unknown}
 h - a potion of invisibility {unknown}
 k - 2 potions of attraction {unknown}
 n - 2 potions of haste {unknown}
 o - 2 potions of berserk rage {unknown}
 q - a potion of curing {unknown}
 t - a potion of flight {unknown}
 x - a potion of brilliance {unknown}


   Skills:
 - Level 2.4 Dodging
 - Level 2.4 Stealth
 + Level 5.8 Spellcasting
 + Level 6.0 Conjurations


You had 12 spell levels left.
You knew the following spells:

 Your Spells              Type           Power      Damage    Failure   Level
a - Magic Dart            Conj           100%       1d8       1%          1
b - Searing Ray           Conj           74%        2d7       1%          2

Your spell library contained the following spells:

 Spells                   Type           Power      Damage    Failure   Level
 Dazzling Flash           Conj/Hex       44%        N/A       7%          3
 Fulminant Prism          Conj/Hex       11%        3d9       22%         4
 Iskenderun's Mystic Bla  Conj/Tloc      22%        2d6       22%         4


Dungeon Overview and Level Annotations

Branches:
Dungeon (4/15)
 Temple: D:4-7

Altars:


Message History

(Press . to maintain the ray.)
The kobold barely misses you.
Unknown command.
The searing ray hits the hound!
The hound is heavily wounded.
The hound misses you. The kobold closely misses you.
The searing ray hits the hound!
You kill the hound!
The kobold hits you but does no damage.
Your Conjurations skill increases to level 6!
Aiming: Magic Dart (safe; 1% risk of failure)
Press: ? - help, Q - select action, (/) - cycle Shift-Dir - straight line, f - kobold
Aim: a kobold, wielding a +0 dagger (severely wounded, 100% to hit)
The magic dart hits the kobold.
You kill the kobold!
The hobgoblin shouts!
An orc comes into view. It is wielding a +0 whip.
Unknown command.
You climb upwards.
There is a stone staircase leading down here.
There is a stone staircase leading down here.
You climb downwards.
Found a scroll labelled FUNIH NUPPAGIU and a leather armour.
There is a stone staircase leading up here.
i - 2 scrolls labelled FUNIH NUPPAGIU (gained 1) As you open the door, it creaks loudly! 3 gnolls come into view.
The gnoll shouts! x2; You hear a shout!
The gnoll shouts!
Found 9 gold pieces.
A kobold comes into view. It is wielding a +0 whip.
The gnoll hits you with a +0 spear.
The gnoll hits you from afar with a +0 spear.
There is an open door here.
The gnoll attacks as you move away! The gnoll hits you with a +0 spear!
* * * LOW HITPOINT WARNING * * *
The gnoll hits you from afar with a +0 spear.
* * * LOW HITPOINT WARNING * * *
There is a stone staircase leading up here.
The gnoll hits you from afar with a +0 spear.
You die...

##############...
#......K.'.$.....
#...g....#.......
##.....###..##...
#....g.## ..# #
#@.g....# ..#
##......# ..#
#.......# ..#
#......[# K.#
##......#
#.....## #######


You could see 3 gnolls and a kobold.

Vanquished Creatures
  A hound (D:4)
  Crazy Yiuf (D:2)
  Ijyb (D:3)
  Terence (D:3)
  2 adders (D:3)
  2 worms (D:2)
  A dart slug (D:3)
  3 orcs (D:3)
  2 endoplasms
  2 giant cockroaches
  3 goblins
  3 hobgoblins
  5 kobolds
  3 quokkas
  12 ball pythons
  3 bats
  3 frilled lizards
  4 rats (D:2)
52 creatures vanquished.

Notes
Turn   | Place    | Note
-------+----------+-------------------------------------------
     0 | D:1      | Querens the Deep Elf Conjurer began the quest for the Orb.
     0 | D:1      | Reached XP level 1. HP: 10/10 MP: 6/6
   812 | D:1      | Reached XP level 2. HP: 15/15 MP: 5/8
  1015 | D:2      | Learned a level 2 spell: Searing Ray
  1081 | D:2      | Found a runed translucent door.
  1082 | D:2      | Noticed Crazy Yiuf
  1089 | D:2      | Killed Crazy Yiuf
  1090 | D:2      | Reached skill level 5 in Conjurations
  1090 | D:2      | Reached XP level 3. HP: 9/19 MP: 2/10
  1634 | D:3      | Noticed Ijyb
  1645 | D:3      | Killed Ijyb
  1646 | D:3      | Reached XP level 4. HP: 22/24 MP: 1/12
  1689 | D:3      | Noticed Terence
  1802 | D:3      | Reached skill level 5 in Spellcasting
  2128 | D:3      | Killed Terence
  2129 | D:3      | Reached XP level 5. HP: 24/28 MP: 2/14
  2252 | D:4      | Reached skill level 6 in Conjurations
  2295 | D:4      | Slain by a gnoll

Illustrated notes

Levels and vault maps discovered:
D:1:      scummos_arrival_checkerplants, layout_basic, serial_co_window_serial,
          co_window_paths_b, co_window_corner_a, co_window_corner_a,
          co_window_paths_a, co_window_paths_b, co_window_corner_b,
          co_window_2corner, co_window_cross_2, co_window_corner_b,
          co_window_paths_c, co_window_4corner_a, glass_columns_a
D:2:      layout_loops_ring, uniq_crazy_yiuf_cottage
D:3:      layout_loops_ring, minmay_door_square, minivault_25,
          minmay_misc_feat_alley, uniq_terence, uniq_ijyb
D:4:      layout_gridville, serial_shops, shop

Skill      XL: |  1  2  3  4  5 |
---------------+----------------+-----
Spellcasting   | 4 5 |  5.8
Conjurations   | 5 6 |  6.0
Dodging        | |  2.4
Stealth        | |  2.4

Action                   |  1- 3 |  4- 6 || total
-------------------------+-------+-------++-------
Melee: Dagger            |       |    14 ||    14
       Trident           |       |     3 ||     3
 Cast: Magic Dart        |    41 |    14 ||    55
       Searing Ray       |     6 |     8 ||    14
 Stab: Sleeping          |       |     3 ||     3
Armor: Robe              |     1 |     7 ||     8
Dodge: Dodged            |     4 |    21 ||    25

Table legend: (Time is in decaauts)
 A = Elapsed time spent in this place.
 B = Non-inter-level travel time spent in this place.
 C = Inter-level travel time spent in this place.
 D = Time resting spent in this place.
 E = Time spent auto-exploring this place.
 F = Levels seen in this place.
 G = Mean time per level.
                   A        B        C        D        E       F      G
               +--------+--------+--------+--------+--------+-----+--------+
         Total |   2295 |   2119 |    176 |      0 |      0 |   4 |  573.8 |
       Dungeon |   2295 |   2119 |    176 |      0 |      0 |   4 |  573.8 |
               +--------+--------+--------+--------+--------+-----+--------+

Top non-repeatable levels by time:
     D:1: 986 daAuts
     D:3: 689 daAuts
     D:2: 592 daAuts
     D:4: 26 daAuts
